 Dungeon Crawl Stone Soup version 0.23.2-30-g0e89c35649 (webtiles) character file.

Game seed: 7426899216760008027

690 HASTUR3 the Grave Robber (level 7, -5/36 HPs)
             Began as a Deep Elf Necromancer on June 19, 2019.
             Was an Initiate of Ashenzari.
             Killed by divine providence
             ... invoked by an orc priest
              (11 damage)
             ... on level 5 of the Dungeon.
             The game lasted 00:18:20 (3784 turns).

HASTUR3 the Grave Robber (Deep Elf Necromancer)     Turns: 3784, Time: 00:18:20

Health: -5/36      AC:  3    Str:  5    XL:     7   Next: 36%
Magic:  10/18      EV: 12    Int: 22    God:    Ashenzari [......]
Gold:   106        SH:  3    Dex: 15    Spells: 2/18 levels left

rFire    . . .     SeeInvis +   (no weapon)
rCold    . . .     Gourm    +   s - +0 buckler
rNeg     . . .     Faith    .   a - +0 robe
rPois    .         Spirit   .   (no helmet)
rElec    .         Reflect  .   (no cloak)
rCorr    .         Harm     .   j - +0 pair of gloves
MR       .....                  (no boots)
Stlth    ++........             o - amulet of the gourmand
HPRegen  0.12/turn              l - ring of see invisible (curse)
MPRegen  0.16/turn              p - ring of wizardry (curse)

@: slowed, very slow
A: no striking features
a: Curse Item, Renounce Religion


You were on level 5 of the Dungeon.
You worshipped Ashenzari.
Ashenzari was noncommittal.
You were completely stuffed.

You visited 2 branches of the dungeon, and saw 6 of its levels.

You collected 106 gold pieces.

Inventory:

Armour
 a - a +0 robe (worn)
 j - a +0 pair of gloves (worn)
 s - a +0 buckler (worn)
Jewellery
 l - a cursed ring of see invisible (left hand)
 o - an amulet of the gourmand (around neck)
 p - a cursed ring of wizardry (right hand)
Wands
 r - a wand of iceblast (6)
Scrolls
 b - 8 scrolls of identify
 f - a scroll of enchant weapon {unknown}
 h - 2 scrolls of amnesia {unknown}
 i - a scroll of noise {unknown}
 k - 2 scrolls of fear {unknown}
 n - a scroll of magic mapping {unknown}
Potions
 e - a potion of curing
 g - 2 potions of berserk rage {unknown}
 m - a potion of degeneration {unknown}
 q - a potion of haste {unknown}
 t - a potion of flight {unknown}
Comestibles
 c - 6 rations


   Skills:
 - Level 2.4 Dodging
 - Level 2.4 Stealth
 - Level 6.0 Spellcasting
 + Level 5.1 Hexes
 - Level 4.0 Charms
 - Level 6.0 Necromancy
 - Level 4.0 Translocations


You had 2 spell levels left.
You knew the following spells:

 Your Spells              Type           Power        Failure   Level  Hunger
a - Pain                  Necr           ####         1%          1    None
b - Animate Skeleton      Necr           N/A          1%          1    None
c - Vampiric Draining     Necr           ####......   1%          3    #......
d - Regeneration          Chrm/Necr      ####......   2%          3    #......
e - Animate Dead          Necr           N/A          5%          4    ###....
f - Blink                 Tloc           N/A          1%          2    None
g - Slow                  Hex            ####....     1%          2    None

Your spell library contained the following spells:

 Spells                   Type           Power        Failure   Level  Hunger
 Magic Dart               Conj           #...         6%          1    None
 Call Imp                 Summ           #.......     9%          2    None
 Conjure Flame            Conj/Fire      #.......     17%         3    #......
 Mephitic Cloud           Conj/Pois/Air  #.......     17%         3    #......


Dungeon Overview and Level Annotations

Branches:
Dungeon (5/15)             Temple (1/1) D:4

Altars:
Ashenzari
Dithmenos
Elyvilon
Fedhas
Gozag
Kikubaaqudgha
Makhleb
Nemelex Xobeh
Trog
Uskayaw
Zin

Annotations:
D:3 Grinder


Message History

Press: ? - help, Shift-Dir - straight line, f/p - orc wizard
Aim: an orc wizard, wielding a +0 dagger and wearing a +0 robe (moderately wounded, fast)
The orc wizard is severely wounded.
You feel life coursing into your body.
The orc wizard points at you and mumbles some strange words.
The magic dart hits you!
* * * LOW HITPOINT WARNING * * *
The orc wizard hits you with a +0 dagger.
* * * LOW HITPOINT WARNING * * *
Casting: Vampiric Draining (safe; 1% risk of failure)
Confirm with . or Enter, or press ? or * to list all spells.
Aiming: Vampiric Draining (safe; 1% risk of failure)
Press: ? - help, Shift-Dir - straight line, f/p - orc wizard
Aim: an orc wizard, wielding a +0 dagger and wearing a +0 robe (severely wounded, fast)
You kill the orc wizard!
Your Hexes skill increases to level 5!
You feel life coursing into your body.
The orc priest invokes the aid of Beogh against you.
Beogh smites you!
You die...

#....############
##..# ....## ##.#
....# #..# ##
....# #..# #.###
....# #### #.##
#....# ....#
####...
#.####......
....# .......##
#...........
..### #..##
#..o....).# ###
##)@##
#...oo#).##
##o.####.......##
##.o.#........#
##o.........##
#......o...#
#..#####....#
...## ##.....
....# ##...o.
....... #.o...


You could see an orc priest, an orc wizard and an orc.

Vanquished Creatures
  A sky beast (D:5)
  An ogre (D:4)
  A howler monkey (D:4)
  2 hounds (D:4)
  3 orc wizards
  2 iguanas (D:4)
  A worker ant (D:4)
  9 adders
  2 worms
  A dart slug (D:2)
  3 leopard geckos (D:2)
  7 orcs
  6 giant cockroaches
  4 goblins
  7 hobgoblins
  A quokka (D:2)
  2 ball pythons (D:3)
  6 bats
  3 frilled lizards
  8 kobolds
  6 rats
76 creatures vanquished.

Vanquished Creatures (collateral kills)
  An ogre (D:4)
  A scorpion (D:4)
  An ooze (D:1)
  A dart slug (D:2)
  A giant cockroach (D:4)
5 creatures vanquished.

Grand Total: 81 creatures vanquished

Notes
Turn   | Place    | Note
-------+----------+-------------------------------------------
     0 | D:1      | HASTUR3 the Deep Elf Necromancer began the quest for the
                  | Orb.
     0 | D:1      | Reached XP level 1. HP: 10/10 MP: 6/6
     2 | D:1      | Learned a level 1 spell: Animate Skeleton
   202 | D:1      | Reached skill level 5 in Necromancy
   220 | D:1      | Reached XP level 2. HP: 7/15 MP: 4/8
   905 | D:2      | Reached XP level 3. HP: 16/19 MP: 4/10
  1174 | D:2      | Learned a level 3 spell: Vampiric Draining
  1178 | D:2      | Learned a level 3 spell: Regeneration
  1203 | D:2      | Found a white marble altar of Elyvilon.
  1209 | D:2      | Became a worshipper of Elyvilon the Healer
  1210 | D:2      | Fell from the grace of Elyvilon
  1432 | D:2      | Reached XP level 4. HP: 20/24 MP: 7/12
  1487 | D:2      | Learned a level 4 spell: Animate Dead
  1502 | D:2      | Reached skill level 5 in Spellcasting
  1591 | D:2      | Reached skill level 1 in Charms
  1935 | D:3      | Found a blossoming altar of Fedhas.
  1936 | D:3      | Noticed Grinder
  2382 | D:4      | Reached XP level 5. HP: 26/28 MP: 10/14
  2389 | D:4      | Learned a level 2 spell: Blink
  2390 | D:4      | Noticed an ogre
  2408 | D:4      | HP: 1/28 [ogre/+0 giant spiked club (26)]
  2423 | D:4      | Killed an ogre
  2643 | D:4      | Reached XP level 6. HP: 10/32 MP: 0/15
  2932 | D:4      | Learned a level 2 spell: Slow
  3080 | D:4      | Reached skill level 1 in Hexes
  3167 | D:4      | Reached XP level 7. HP: 30/36 MP: 9/18
  3228 | D:4      | Found a staircase to the Ecumenical Temple.
  3233 | Temple   | Entered the Ecumenical Temple
  3247 | Temple   | Became a worshipper of Ashenzari the Shackled
  3580 | D:5      | Entered Level 5 of the Dungeon
  3784 | D:5      | Reached skill level 5 in Hexes
  3784 | D:5      | Killed from afar by an orc priest

Skill      XL: |  1  2  3  4  5  6  7 |
---------------+----------------------+-----
Necromancy     | 5 6 |  6.0
Spellcasting   | 4 5 6 |  6.0
Charms         | 3 4 |  4.0
Translocations | 3 4 |  4.0
Hexes          | 3 5 |  5.1
Dodging        | |  2.4
Stealth        | |  2.4

Action                   |  1- 3 |  4- 6 |  7- 9 || total
-------------------------+-------+-------+-------++-------
Melee: Spear             |    29 |    16 |       ||    45
 Cast: Pain              |    56 |    92 |    22 ||   170
       Animate Skeleton  |    10 |    14 |     2 ||    26
       Vampiric Draining |     1 |     7 |     2 ||    10
       Regeneration      |     1 |       |       ||     1
       Animate Dead      |       |     1 |       ||     1
       Blink             |       |       |     3 ||     3
       Slow              |       |       |     1 ||     1
Invok: Renounce Religion |     1 |       |       ||     1
       Curse Item        |       |       |     2 ||     2
  Use: Scroll            |     1 |     3 |       ||     4
       Potion            |       |     1 |       ||     1
 Stab: Sleeping          |       |     1 |       ||     1
  Eat: Chunk             |     2 |    14 |     2 ||    18
Armor: Robe              |     8 |    10 |       ||    18
Dodge: Dodged            |    19 |    34 |       ||    53
Block: Buckler           |       |       |     1 ||     1
